 Dungeon Crawl Stone Soup version 0.25.1-1-g288607f (webtiles) character file.

Game seed: 3041288570243725555

6871 RonnieColeman the Thaumaturge (level 11, -8/74 HPs)
             Began as an Octopode Conjurer on Sept 14, 2020.
             Was a Priest of Vehumet.
             Mangled by a water moccasin (10 damage)
             ... on level 1 of the Lair of Beasts.
             The game lasted 00:29:32 (11794 turns).

RonnieColeman the Thaumaturge (Octopode Conjurer)  Turns: 11794, Time: 00:29:33

Health: -8/74      AC:  1    Str:  7    XL:     11   Next: 6%
Magic:  3/25       EV: 13    Int: 20    God:    Vehumet [***...]
Gold:   208        SH:  0    Dex: 14    Spells: 22/31 levels left

rFire    . . .     SeeInvis .   i - +2 dagger (protect)
rCold    . . .     Gourm    .   (no shield)
rNeg     . . .     Faith    +   (helmet restricted)
rPois    +         Spirit   .   n - amulet of faith
rElec    .         Reflect  .   o - ring of wizardry
rCorr    .         Harm     .   f - ring of poison resistance
MR       .....                  d - ring of flight
Stlth    +++.......             (no ring)
HPRegen  0.22/turn              (no ring)
MPRegen  0.19/turn              (no ring)
                                (no ring)
                                (no ring)

@: no status effects
A: almost no armour, stealthy swim, amphibious, 8 rings, constrict 8, camouflage
1, gelatinous body 1
a: Renounce Religion, Evoke Flight


You were on level 1 of the Lair of Beasts.
You worshipped Vehumet.
Vehumet was most pleased with you.
You were very hungry.

You visited 3 branches of the dungeon, and saw 11 of its levels.

You collected 611 gold pieces.
You spent 403 gold pieces at shops.

Inventory:

Hand Weapons
 i - a +2 dagger of protection (weapon)
 v - the +4 glaive "Pug Zoidgh" {drain, Dex+3}
   (You found it on level 8 of the Dungeon)

   A truly terrible weapon, it drains the life of those it strikes.
   It affects your dexterity (+3).
 w - the +1 dagger "Pyapath" {freeze, rC++}
   (You found it on level 6 of the Dungeon)

   It has been specially enchanted to freeze those struck by it, causing extra
   injury to most foes and up to half again as much damage against particularly
   susceptible opponents.
   It can also slow down cold-blooded creatures.
   It greatly protects you from cold.
 A - the +6 trident of Faed {freeze, rC+}
   (You bought it in a shop on level 7 of the Dungeon)

   It has been specially enchanted to freeze those struck by it, causing extra
   injury to most foes and up to half again as much damage against particularly
   susceptible opponents.
   It can also slow down cold-blooded creatures.
   It protects you from cold.
Magical Staves
 D - an uncursed staff of death
 E - an uncursed staff of cold
Jewellery
 c - an uncursed amulet of the acrobat
 d - a ring of flight (on tentacle)
 f - a ring of poison resistance (right tentacle)
 j - an uncursed ring of ice
 n - an amulet of faith (around mantle)
 o - a ring of wizardry (left tentacle)
Wands
 s - a wand of disintegration (15)
 y - a wand of iceblast (18)
 C - a wand of acid (6)
Scrolls
 g - 5 scrolls of amnesia
 h - 8 scrolls of identify
 m - 5 scrolls of remove curse
 r - 3 scrolls of teleportation
 t - 3 scrolls of magic mapping
 x - 3 scrolls of summoning
 z - a scroll of fog
 F - a scroll of immolation {unknown}
Potions
 a - 4 potions of haste
 e - 2 potions of flight
 k - 5 potions of heal wounds
 l - 2 potions of might
 p - a potion of berserk rage
 q - 3 potions of curing
 u - 2 potions of brilliance
 B - a potion of lignification
Comestibles
 b - 22 rations


   Skills:
 + Level 6.6 Fighting
 - Level 2.0 Dodging
 - Level 2.6 Stealth
 * Level 10.5 Spellcasting
 + Level 9.0 Conjurations
 * Level 4.1 Fire Magic
 + Level 4.1 Earth Magic


You had 22 spell levels left.
You knew the following spells:

 Your Spells              Type           Power        Failure   Level  Hunger
a - Magic Dart            Conj           ####         1%          1    None
b - Searing Ray           Conj           #####.       1%          2    None
e - Stone Arrow           Conj/Erth      #####.       1%          3    None
l - Conjure Flame         Conj/Fire      #####...     1%          3    None

Your spell library contained the following spells:

 Spells                   Type           Power        Failure   Level  Hunger
 Dazzling Flash           Conj/Hex       ####..       1%          3    None
 Fulminant Prism          Conj/Hex       ####......   1%          4    ##.....
 Iskenderun's Mystic Bla  Conj/Tloc      ####....     1%          4    ##.....


Dungeon Overview and Level Annotations

Branches:
Dungeon (9/15)             Temple (1/1) D:5            Lair (1/6) D:9
    Orc: D:9-12

Altars:
Ashenzari
Cheibriados
Dithmenos
Elyvilon
Fedhas
Gozag
Hepliaklqana
Kikubaaqudgha
Makhleb
Nemelex Xobeh
Okawaru
Qazlal
Ru
Sif Muna
Trog
Uskayaw
Vehumet
Wu Jian
Xom
Yredelemnul
Zin
The Shining One

Shops:
D:4 %   D:7 (*   D:9 !

Annotations:
D:6 1 runed translucent door


Innate Abilities, Weirdness & Mutations

You cannot wear most types of armour.
You are very stealthy in the water. (Stealth+)
You are amphibious.
You can wear up to eight rings at the same time.
You can use your tentacles to constrict eight enemies at once.
Your skin changes colour to match your surroundings (Stealth+).
Your rubbery body absorbs attacks. (AC +1, EV +1)


Message History

The water moccasin is moderately wounded.
You constrict the water moccasin. The water moccasin closely misses you.
You completely miss the water moccasin.
The water moccasin is heavily wounded.
You constrict the water moccasin. The water moccasin barely misses you.
The water moccasin closely misses you.
You barely miss the water moccasin.
You squeeze the water moccasin, but do no damage.
The water moccasin is heavily wounded.
You constrict the water moccasin. The water moccasin closely misses you.
You barely miss the water moccasin.
The water moccasin is severely wounded.
You constrict the water moccasin.
The water moccasin bites you but does no damage.
You barely miss the water moccasin. You squeeze the water moccasin.
The water moccasin is almost dead.
You constrict the water moccasin. The water moccasin bites you!
* * * LOW HITPOINT WARNING * * *
The water moccasin bites you!
You die...

#≈≈≈≈≈>≈≈≈≈≈......##
# #...
#.≈≈≈≈..≈≈≈≈#..P#.#
#..#.
#≈≈≈≈≈≈≈≈≈≈.#..####
#....# ≈≈≈≈≈≈≈≈.#..#
#....# ≈≈≈≈≈≈≈##..##
####....##
...###...###P#..?...#
................#...#
.......S.†......# .
.......@#>.#..###
..##..######### #..
##


You could see a water moccasin.

Vanquished Creatures
  A two-headed ogre (D:9)
  2 black mambas (Lair:1)
  A troll (D:9)
  Grinder (D:3)
  A hippogriff (D:9)
  5 yaks
  2 basilisks (D:9)
  Menkaure (D:6)
  A water moccasin (Lair:1)
  3 porcupines
  A necrophage (D:6)
  2 sky beasts
  An ice beast (D:8)
  A black bear (D:9)
  A centaur (D:6)
  10 ogres
  2 crocodiles
  2 bullfrogs
  2 scorpions (D:9)
  13 killer bees
  A howler monkey (D:5)
  3 wights (D:8)
  5 crimson imps
  2 bullfrog zombies
  2 centaur zombies
  6 hounds
  2 jellies
  A bullfrog skeleton (D:6)
  A centaur skeleton (D:4)
  2 iguanas
  An orc wizard (D:6)
  4 worker ants
  A hound zombie (D:6)
  A worker ant zombie (D:5)
  2 gnolls (D:2)
  10 adders
  A shadow imp (D:6)
  3 oozes
  2 adder skeletons
  A worm (D:2)
  A dart slug (D:2)
  3 leopard geckos
  19 orcs
  3 ball pythons
  8 bats
  8 giant cockroaches
  13 goblins
  11 hobgoblins
  5 jackals
  7 quokkas
  7 frilled lizards
  A jackal zombie (D:6)
  7 kobolds
  2 quokka zombies
  7 rats
206 creatures vanquished.

Vanquished Creatures (others)
  5 bushes (D:9)
  2 fungi
  18 plants
25 creatures vanquished.

Grand Total: 231 creatures vanquished

Notes
Turn   | Place    | Note
-------+----------+-------------------------------------------
     0 | D:1      | RonnieColeman the Octopode Conjurer began the quest for the
                  | Orb.
     0 | D:1      | Reached XP level 1. HP: 11/11 MP: 3/3
   351 | D:1      | Reached XP level 2. HP: 17/18 MP: 0/5
   857 | D:1      | Found a snail-covered altar of Cheibriados.
   872 | D:1      | Reached skill level 1 in Fighting
   889 | D:1      | Reached XP level 3. HP: 23/23 MP: 2/7
  1311 | D:2      | Found an opulent altar of Gozag.
  1321 | D:2      | Reached skill level 3 in Spellcasting
  1347 | D:2      | Reached XP level 4. HP: 27/28 MP: 8/8
  1458 | D:2      | Found a sacrificial altar of Ru.
  1495 | D:2      | Learned a level 2 spell: Searing Ray
  1624 | D:2      | Found a bloodstained altar of Trog.
  1719 | D:2      | Found a blossoming altar of Fedhas.
  1719 | D:2      | Found a hazy altar of Hepliaklqana.
  1750 | D:2      | Reached XP level 5. HP: 34/34 MP: 6/10
  1818 | D:2      | Found an iron altar of Okawaru.
  2011 | D:2      | Found a radiant altar of Vehumet.
  2112 | D:2      | Became a worshipper of Vehumet
  2139 | D:3      | Found an ornate altar of the Wu Jian Council.
  2160 | D:3      | Found an opulent altar of Gozag.
  2177 | D:3      | Noticed Grinder
  2185 | D:3      | Paralysed by Grinder for 3 turns
  2197 | D:3      | Paralysed by Grinder for 4 turns
  2213 | D:3      | Paralysed by Grinder for 7 turns
  2223 | D:3      | Killed Grinder
  2223 | D:3      | Reached skill level 4 in Spellcasting
  2223 | D:3      | Reached skill level 5 in Conjurations
  2223 | D:3      | Reached XP level 6. HP: 14/42 MP: 1/12
  2585 | D:3      | Found a hide-covered altar of Uskayaw.
  2796 | D:3      | Reached * piety under Vehumet
  2796 | D:3      | Offered knowledge of Sandblast by Vehumet.
  3002 | D:4      | Reached skill level 5 in Spellcasting
  3002 | D:4      | Reached XP level 7. HP: 46/46 MP: 8/14
  3068 | D:4      | Got a fine shortbow
  3069 | D:4      | Identified the +7 shortbow of Vehex {flame, rC+} (You found
                  | it on level 4 of the Dungeon)
  3127 | D:4      | Found Xooghyth's Food Shoppe.
  3583 | D:5      | Entered Level 5 of the Dungeon
  3934 | D:5      | Reached skill level 6 in Spellcasting
  3934 | D:5      | Reached XP level 8. HP: 54/54 MP: 5/17
  4102 | D:5      | Found a staircase to the Ecumenical Temple.
  4124 | Temple   | Entered the Ecumenical Temple
  4673 | D:6      | Found a burning altar of Makhleb.
  5062 | D:6      | Noticed Menkaure
  5068 | D:6      | Killed Menkaure
  5070 | D:6      | Got a steaming dagger
  5071 | D:6      | Identified the cursed +1 dagger "Pyapath" {freeze, rC++}
                  | (You found it on level 6 of the Dungeon)
  5274 | D:6      | Reached ** piety under Vehumet
  5274 | D:6      | Reached skill level 7 in Spellcasting
  5280 | D:6      | Reached skill level 5 in Fighting
  5435 | D:6      | Offered knowledge of Freeze by Vehumet.
  5556 | D:6      | Found a white marble altar of Elyvilon.
  5557 | D:6      | Found a runed translucent door.
  5557 | D:6      | Noticed an angel
  6251 | D:6      | Reached XP level 9. HP: 43/60 MP: 15/20
  6344 | D:7      | Reached skill level 8 in Spellcasting
  6659 | D:7      | Found a white marble altar of Elyvilon.
  6720 | D:7      | Found Zilygh's Assorted Antiques.
  6723 | D:7      | Bought a scroll labeled KISMAN BURAU for 27 gold pieces
  6723 | D:7      | Bought a scroll labeled ETWIGO QAAFA for 27 gold pieces
  6723 | D:7      | Bought a smoking lead ring for 135 gold pieces
  6723 | D:7      | Bought a scroll labeled FIMONL ZIZXU for 27 gold pieces
  6723 | D:7      | Identified the ring "Pilui" {*Tele rElec} (You bought it in
                  | a shop on level 7 of the Dungeon)
  7221 | D:7      | Found Domyah's Antique Weapon Boutique.
  7229 | D:7      | Bought an ancient trident for 187 gold pieces
  7229 | D:7      | Identified the +6 trident of Faed {freeze, rC+} (You bought
                  | it in a shop on level 7 of the Dungeon)
  7779 | D:8      | Got an iridescent glaive
  8046 | D:8      | Offered knowledge of Stone Arrow by Vehumet.
  8046 | D:8      | Reached skill level 9 in Spellcasting
  8052 | D:8      | Learned a level 3 spell: Stone Arrow
  8052 | D:8      | Identified the +4 glaive "Pug Zoidgh" {drain, Dex+3} (You
                  | found it on level 8 of the Dungeon)
  8274 | D:8      | Reached *** piety under Vehumet
  8583 | D:9      | Noticed a troll
  8587 | D:8      | Reached skill level 1 in Earth Magic
  9035 | D:9      | Reached XP level 10. HP: 65/65 MP: 18/23
  9232 | D:9      | Offered knowledge of Conjure Flame by Vehumet.
  9242 | D:9      | Learned a level 3 spell: Conjure Flame
  9511 | D:9      | Found a staircase to the Lair.
  9523 | D:9      | Noticed a two-headed ogre
  9751 | D:8      | Reached skill level 1 in Fire Magic
  9826 | D:9      | Found Ceixen's Distillery.
  9833 | D:9      | Killed a two-headed ogre
  9833 | D:9      | Reached skill level 10 in Spellcasting
 10210 | D:9      | Found a stormy altar of Qazlal.
 10298 | D:9      | Found an ancient bone altar of Kikubaaqudgha.
 10380 | D:9      | HP: 1/68 [yak (17)]
 11293 | Lair:1   | Entered Level 1 of the Lair of Beasts
 11322 | Lair:1   | Noticed a black mamba
 11323 | Lair:1   | Noticed a black mamba
 11330 | Lair:1   | Killed a black mamba
 11608 | Lair:1   | HP: 3/68 [black mamba (8)]
 11762 | Lair:1   | Reached XP level 11. HP: 49/74 MP: 21/25
 11794 | Lair:1   | HP: 2/74 [water moccasin (8)]
 11794 | Lair:1   | Mangled by a water moccasin

Illustrated notes

Levels and vault maps discovered:
D:1:      lightli_arrival_quake, layout_basic, minmay_misc_feat_more_columns,
          hex_tiny, cheibriados_altar_1
D:2:      wad_woods_stonehenge, layout_rooms, marbit_many_paths,
          lightli_temple_of_fire, okawaru_altar_gauntlet_db,
          gammafunk_temple_overflow_elements, nicolae_ru_the_path_less_chosen
D:3:      layout_rooms, eat_drink_and_be_merry_uskayaw,
          nicolae_overflow_crystal_walls, first_ration, grunt_gozag_statues,
          uniq_grinder
D:4:      layout_cave_pools, serial_shops, shop
D:5:      layout_loops_ring, minmay_temple_entry_poolview
D:6:      layout_basic, kennysheep_little_box, lemuel_angel_altar, uniq_menkaure
D:7:      layout_gridville, nicolae_overflow_hidden_temple, serial_shops,
          nicolae_shop_trees, nicolae_shop_trees, grunt_ogre_cave
D:8:      layout_loops_ring
D:9:      layout_stronghold, lemuel_coloured_pillars_altar, old_standard_altar,
          minmay_lair_entry_grove, serial_shops, nicolae_shop_window_shopping,
          chequers_avenue, minmay_misc_feat_secret_circle
Temple:   jpeg_temple_alley_garden
Lair:1:   layout_concentric_octagons, grunt_megastairs_2, lemuel_fruit_tree,
          infiniplex_staircase_pool_2

Skill      XL: |  1  2  3  4  5  6  7  8  9 10 11 |
---------------+----------------------------------+-----
Fighting       | 1 2 3 4 5 6 |  6.6
Spellcasting   | 3 4 5 6 7 9 10 | 10.5
Conjurations   | 5 6 8 9 |  9.0
Earth Magic    | 1 3 4 |  4.1
Fire Magic     | 3 4 |  4.1
Dodging        | |  2.0
Stealth        | |  2.6

Action                   |  1- 3 |  4- 6 |  7- 9 | 10-12 || total
-------------------------+-------+-------+-------+-------++-------
Melee: Dagger            |    89 |    53 |    91 |     8 ||   241
       Constrict         |    20 |    17 |    21 |     1 ||    59
       Tentacles         |    16 |     6 |    12 |     2 ||    36
       Trident           |       |       |     3 |       ||     3
 Cast: Magic Dart        |    24 |    25 |    21 |    22 ||    92
       Searing Ray       |       |    13 |    63 |    22 ||    98
       Stone Arrow       |       |       |     1 |    32 ||    33
  Use: Scroll            |     3 |     6 |     9 |     2 ||    20
       Potion            |       |       |       |     3 ||     3
 Stab: Sleeping          |     4 |     3 |     8 |       ||    15
       Distracted        |       |       |     2 |       ||     2
  Eat: Chunk             |     1 |     6 |    18 |     4 ||    29
       Ration            |       |       |       |     1 ||     1
Armor: Skin              |    27 |    16 |    15 |     2 ||    60
Dodge: Dodged            |    53 |    45 |   113 |    48 ||   259
